 Dungeon Crawl Stone Soup version 0.26-a0-752-gcff87cac9a (webtiles) character file.

Game seed: 17692770056122885430

346 robertstho the Firebug (level 6, -11/66 HPs)
             Began as a Gnoll Fire Elementalist on Nov 6, 2020.
             Was a Follower of Sif Muna.
             Mangled by an ogre
             ... wielding a +0 giant club
              (13 damage)
             ... on level 4 of the Dungeon.
             The game lasted 00:06:44 (4074 turns).

robertstho the Firebug (Gnoll Fire Elementalist)    Turns: 4074, Time: 00:06:44

Health: -11/66     AC:  3    Str: 10    XL:     6   Next: 59%
Magic:  5/14       EV: 15    Int: 20    God:    Sif Muna [*.....]
Gold:   245        SH:  0    Dex: 15    Spells: 7/15 levels left

rFire    . . .     SeeInvis .   n - +1 dagger (venom)
rCold    . . .     Faith    .   (no shield)
rNeg     . . .     Spirit   .   a - +0 robe
rPois    .         Reflect  .   (no helmet)
rElec    .         Harm     .   (no cloak)
rCorr    .         Rampage  .   (no gloves)
MR       .....                  c - +0 pair of boots
Stlth    ..........             (no amulet)
HPRegen  0.21/turn              (no ring)
MPRegen  0.14/turn              (no ring)

@: berserking (expiring), lethally poisoned (-11 -> -12), very quick
A: distributed training, fangs 1, strong nose
a: Channel Magic, Renounce Religion


You were on level 4 of the Dungeon.
You worshipped Sif Muna.
Sif Muna was aware of your devotion.
You visited 1 branch of the dungeon, and saw 4 of its levels.

You collected 245 gold pieces.

Inventory:

Hand Weapons
 m - a +2 dagger of protection
 n - a +1 dagger of venom (weapon)
Armour
 a - a +0 robe (worn)
 c - a +0 pair of boots (worn)
 r - a +0 helmet
Wands
 t - a wand of iceblast (9)
Scrolls
 b - 2 scrolls of teleportation {unknown}
 e - a scroll of blinking {unknown}
 f - 6 scrolls of identify {unknown}
 i - a scroll of enchant armour {unknown}
 l - a scroll of fog {unknown}
 p - 2 scrolls of remove curse {unknown}
 q - 2 scrolls of immolation {unknown}
 u - a scroll of magic mapping {unknown}
Potions
 g - a potion of berserk rage
 h - 2 potions of haste {unknown}
 j - a potion of resistance {unknown}
 k - 2 potions of degeneration {unknown}
 o - 2 potions of attraction {unknown}
 s - a potion of might {unknown}


   Skills:
 + Level 2.0 Fighting
 + Level 2.0 Short Blades
 + Level 2.0 Long Blades
 + Level 2.0 Axes
 + Level 2.0 Maces & Flails
 + Level 2.0 Polearms
 + Level 2.0 Staves
 + Level 2.0 Slings
 + Level 2.0 Bows
 + Level 2.0 Crossbows
 + Level 2.0 Throwing
 + Level 2.0 Armour
 + Level 5.0 Dodging
 + Level 4.6 Stealth
 + Level 2.0 Shields
 + Level 2.0 Unarmed Combat
 + Level 5.4 Spellcasting
 + Level 2.6 Conjurations
 + Level 1.6 Hexes
 + Level 1.6 Summonings
 + Level 1.6 Necromancy
 + Level 1.6 Translocations
 + Level 1.6 Transmutations
 + Level 5.7 Fire Magic
 + Level 1.6 Ice Magic
 + Level 1.6 Air Magic
 + Level 1.6 Earth Magic
 + Level 1.6 Poison Magic
 + Level 2.2 Invocations
 + Level 2.0 Evocations


You had 7 spell levels left.
You knew the following spells:

 Your Spells              Type           Power        Failure   Level
a - Foxfire               Conj/Fire      ###.         1%          1
b - Conjure Flame         Conj/Fire      ###.....     6%          3
c - Sticky Flame          Conj/Fire      ###.....     21%         4

Your spell library contained the following spells:

 Spells                   Type           Power        Failure   Level
 Magic Dart               Conj           ###.         3%          1
 Inner Flame              Hex/Fire       ###.....     8%          3
 Fireball                 Conj/Fire      ###.......   50%         5


Dungeon Overview and Level Annotations

Branches:
Dungeon (4/15)
 Temple: D:4-7

Altars:
Dithmenos
Kikubaaqudgha
Sif Muna
Vehumet


Innate Abilities, Weirdness & Mutations

Your experience applies equally to all skills.
You have very sharp teeth.
Your uncanny sense of smell can sniff out nearby items.


Message History

You hit the worker ant.
The worker ant is poisoned.
The worker ant is severely wounded.
You feel sick. The worker ant bites you.
* * * LOW HITPOINT WARNING * * *
You puncture the worker ant!
You kill the worker ant!
Sif Muna accepts your kill.
The orc throws a boomerang.
The boomerang hits you.
* * * LOW HITPOINT WARNING * * *
The weapon returns to the orc!
The orc priest barely misses you.
You puncture the orc priest!
The orc priest looks as sick as possible!
The orc priest is heavily wounded.
The orc priest hits you but does no damage.
You closely miss the orc priest.
The orc priest is heavily wounded.
* * * LOW HITPOINT WARNING * * *
You feel sick. The ogre hits you with a +0 giant club!
You die...

## .. ∆ #. #.# ## #.
#.# #.# #. #.# .#.#####
.#####.#####.# .#
#.....
........@o##.##.#
##.###
.########O##...## ##.#
#####.o.#.##.## ##.##
.......?.......###.####
...###)†)#.##.#.#......
. ......)$.##.##.######
..####.##.#...###
........#.. .......#.
.#.


You could see an ogre, an orc priest (extremely poisoned) and an orc.

Vanquished Creatures
  2 hounds (D:4)
  An orc wizard (D:4)
  2 worker ants (D:4)
  3 gnolls (D:2)
  6 adders
  An adder skeleton (D:4)
  2 worms (D:3)
  4 dart slugs
  2 leopard geckos
  4 orcs
  2 ball pythons (D:1)
  5 giant cockroaches
  9 goblins
  14 hobgoblins
  17 jackals
  2 quokkas (D:2)
  6 bats
  8 frilled lizards
  8 kobolds
  11 rats
109 creatures vanquished.

Vanquished Creatures (collateral kills)
  3 foxfires (D:1)
3 creatures vanquished.

Vanquished Creatures (others)
  354 foxfires
  A plant (D:1)
355 creatures vanquished.

Grand Total: 467 creatures vanquished

Notes
Turn   | Place    | Note
-------+----------+-------------------------------------------
     0 | D:1      | robertstho the Gnoll Fire Elementalist began the quest for
                  | the Orb.
     0 | D:1      | Reached XP level 1. HP: 13/13 MP: 6/6
   156 | D:1      | Reached XP level 2. HP: 19/19 MP: 2/7
   514 | D:1      | Reached XP level 3. HP: 25/25 MP: 7/9
   551 | D:1      | Reached skill level 5 in Spellcasting
   982 | D:1      | Reached skill level 1 in Invocations
  1504 | D:2      | Reached skill level 1 in Fighting
  1504 | D:2      | Reached skill level 1 in Short Blades
  1504 | D:2      | Reached skill level 1 in Long Blades
  1504 | D:2      | Reached skill level 1 in Axes
  1504 | D:2      | Reached skill level 1 in Maces & Flails
  1504 | D:2      | Reached skill level 1 in Polearms
  1504 | D:2      | Reached skill level 1 in Staves
  1504 | D:2      | Reached skill level 1 in Slings
  1504 | D:2      | Reached skill level 1 in Bows
  1504 | D:2      | Reached skill level 1 in Crossbows
  1504 | D:2      | Reached skill level 1 in Throwing
  1504 | D:2      | Reached skill level 1 in Armour
  1504 | D:2      | Reached skill level 1 in Shields
  1504 | D:2      | Reached skill level 1 in Unarmed Combat
  1504 | D:2      | Reached skill level 1 in Evocations
  1521 | D:2      | Reached XP level 4. HP: 29/32 MP: 0/11
  2001 | D:2      | Reached skill level 1 in Hexes
  2001 | D:2      | Reached skill level 1 in Summonings
  2001 | D:2      | Reached skill level 1 in Necromancy
  2001 | D:2      | Reached skill level 1 in Translocations
  2001 | D:2      | Reached skill level 1 in Transmutations
  2001 | D:2      | Reached skill level 1 in Ice Magic
  2001 | D:2      | Reached skill level 1 in Air Magic
  2001 | D:2      | Reached skill level 1 in Earth Magic
  2001 | D:2      | Reached skill level 1 in Poison Magic
  2076 | D:2      | Learned a level 3 spell: Conjure Flame
  2081 | D:2      | Learned a level 4 spell: Sticky Flame
  2358 | D:2      | Reached XP level 5. HP: 37/37 MP: 8/12
  2626 | D:2      | Found an ancient bone altar of Kikubaaqudgha.
  2627 | D:2      | Found a shimmering blue altar of Sif Muna.
  2629 | D:2      | Found a radiant altar of Vehumet.
  2642 | D:2      | Became a worshipper of Sif Muna the Loreminder
  2649 | D:2      | Identified Vehumet's Papyrus of Arcane Weapons
  3358 | D:3      | Reached * piety under Sif Muna
  3643 | D:3      | Found a shadowy altar of Dithmenos.
  4009 | D:4      | Reached XP level 6. HP: 44/44 MP: 13/13
  4060 | D:4      | Reached skill level 5 in Dodging
  4071 | D:4      | HP: 2/66 [orc/boomerang (4)]
  4074 | D:4      | Mangled by an ogre

Illustrated notes

Levels and vault maps discovered:
D:1:      giann_bridges, layout_basic, hangedman_glass_teeth,
          minmay_shallow_snake_nest
D:2:      layout_basic, grunt_temple_overflow_magic_moments, minmay_circle_x
D:3:      layout_rooms, grunt_dithmenos_smoke_and_mirrors
D:4:      layout_loops_ring

Skill      XL: |  1  2  3  4  5  6 |
---------------+-------------------+-----
Conjurations   | 2 |  2.6
Spellcasting   | 5 |  5.4
Invocations    | 1 2 |  2.2
Fighting       | 1 2 |  2.0
Short Blades   | 1 2 |  2.0
Long Blades    | 1 2 |  2.0
Axes           | 1 2 |  2.0
Maces & Flails | 1 2 |  2.0
Polearms       | 1 2 |  2.0
Staves         | 1 2 |  2.0
Slings         | 1 2 |  2.0
Bows           | 1 2 |  2.0
Crossbows      | 1 2 |  2.0
Throwing       | 1 2 |  2.0
Armour         | 1 2 |  2.0
Shields        | 1 2 |  2.0
Unarmed Combat | 1 2 |  2.0
Evocations     | 1 2 |  2.0
Hexes          | 1 |  1.6
Summonings     | 1 |  1.6
Necromancy     | 1 |  1.6
Translocations | 1 |  1.6
Transmutations | 1 |  1.6
Ice Magic      | 1 |  1.6
Air Magic      | 1 |  1.6
Earth Magic    | 1 |  1.6
Poison Magic   | 1 |  1.6
Dodging        | 5 |  5.0
Stealth        | |  4.6
Fire Magic     | |  5.7

Action                   |  1- 3 |  4- 6 || total
-------------------------+-------+-------++-------
Melee: Unarmed           |     5 |       ||     5
       Dagger            |       |    25 ||    25
       Bite              |       |     2 ||     2
 Cast: Foxfire           |    91 |   151 ||   242
  Use: Potion            |       |     2 ||     2
 Stab: Sleeping          |       |     4 ||     4
Armor: Robe              |     5 |     3 ||     8
Dodge: Dodged            |    11 |    23 ||    34

Table legend: (Time is in decaauts)
 A = Elapsed time spent in this place.
 B = Non-inter-level travel time spent in this place.
 C = Inter-level travel time spent in this place.
 D = Time resting spent in this place.
 E = Time spent auto-exploring this place.
 F = Levels seen in this place.
 G = Mean time per level.
                   A        B        C        D        E       F      G
               +--------+--------+--------+--------+--------+-----+--------+
         Total |   4069 |   3984 |     85 |      0 |   3432 |   4 | 1017.2 |
       Dungeon |   4069 |   3984 |     85 |      0 |   3432 |   4 | 1017.2 |
               +--------+--------+--------+--------+--------+-----+--------+

Top non-repeatable levels by time:
     D:2: 1684 daAuts
     D:1: 1345 daAuts
     D:3: 841 daAuts
     D:4: 196 daAuts
